 Dungeon Crawl Stone Soup version 0.29-a0-1018-g6b6670bd90 (webtiles) character file.

Game seed: 18063729138590465657

3912 NatashaGaming the Nimble (level 10, -8/48 HPs)
             Began as a Felid Summoner on Aug 10, 2022.
             Was an Initiate of Gozag.
             Mangled by a dire elephant simulacrum (16 damage)
             ... on level 2 of the Lair of Beasts.
             The game lasted 02:00:58 (24340 turns).

NatashaGaming the Nimble (Felid Summoner)          Turns: 24340, Time: 02:00:59

Health: -8/48      AC:  2    Str:  4    XL:     10   Next: 1%
Magic:  27/31      EV: 24    Int: 21    God:    Gozag
Gold:   995        SH:  0    Dex: 17    Spells: 5/24 levels left
                                        Lives:  0   Deaths: 2

rFire   . . .      SeeInvis +   (weapon unavailable)
rCold   . . .      Faith    .   (shield unavailable)
rNeg    . . .      Spirit   .   (body armour unavailable)
rPois   .          Reflect  .   (helmet unavailable)
rElec   +          Harm     .   (cloak unavailable)
rCorr   .          Rampage  .   (gloves unavailable)
Will    +....                   (boots unavailable)
Stlth   ++........              F - amulet of the Air {Inacc Air Fly rElec RMsl}
HPRegen 0.16/turn               G - ring of magical power
MPRegen 0.22/turn               (no ring)

@: flying, repel missiles, quick
A: very small, claws 1, fangs 3, see invisible, speed 1, shaggy fur 2, stealthy
paws, no weapons or thrown items, no armour, multi-lived
a: Renounce Religion, Potion Petition, Call Merchant, Bribe Branch


You were on level 2 of the Lair of Beasts.
You worshipped Gozag.
Gozag was pleased with you.
You visited 3 branches of the dungeon, and saw 14 of its levels.

You collected 1964 gold pieces.
You spent 864 gold pieces at shops.
You paid 105 gold pieces to Gozag.

Inventory:

Jewellery
 g - an amulet of the acrobat
 F - the amulet of the Air (around neck) {Inacc Air Fly rElec RMsl}
   (You bought it in a shop on level 7 of the Dungeon)

   [amulet of nothing]

   It reduces the accuracy of all your attacks.
   It enhances your air magic.
   rElec:     It insulates you from electricity.
   Fly:       It grants you flight.
   RMsl:      It protects you from missiles.
 G - a ring of magical power (left paw)
Wands
 f - a wand of mindburst (13)
 q - a wand of charming (8)
 w - a wand of iceblast (10)
 x - a wand of digging (4)
 C - a wand of flame (10)
 D - a wand of quicksilver (7)
Scrolls
 d - 3 scrolls of teleportation
 e - a scroll of immolation
 k - 3 scrolls of magic mapping
 m - 3 scrolls of butterflies
 n - 2 scrolls of summoning
 o - 2 scrolls of silence
 s - 4 scrolls of enchant weapon
 t - a scroll of brand weapon
 v - a scroll of vulnerability {unknown}
 y - a scroll of blinking {unknown}
 E - a scroll of poison {unknown}
Potions
 a - 3 potions of magic
 b - 10 potions of curing
 c - 4 potions of haste
 h - 3 potions of lignification
 i - 3 potions of flight
 j - a potion of heal wounds
 l - 4 potions of mutation
 p - a potion of might {unknown}
 r - 2 potions of berserk rage
 u - 3 potions of cancellation
 z - 2 potions of brilliance {unknown}
 A - 2 potions of invisibility
 B - a potion of attraction {unknown}


   Skills:
 + Level 7.6 Fighting
 + Level 10.5 Dodging
 - Level 2.6 Stealth
 + Level 7.7 Spellcasting
 - Level 8.0 Hexes
 + Level 9.2 Summonings
 - Level 5.0 Necromancy
 - Level 5.0 Translocations
 + Level 5.2 Air Magic


You had 5 spell levels left.
You knew the following spells:

 Your Spells              Type           Power      Damage    Failure   Level
a - Summon Small Mammal   Summ           100%       N/A       1%          1
b - Call Imp              Summ           46%        N/A       1%          2
c - Call Canine Familiar  Summ           46%        N/A       1%          3
d - Summon Guardian Gole  Hex/Summ       44%        N/A       1%          3
e - Blink                 Tloc           58%        N/A       1%          2
f - Summon Lightning Spi  Summ/Air       55%        N/A       4%          4
g - Anguish               Hex/Necr       17%        N/A       5%          4

Your spell library contained the following spells:

 Spells                   Type           Power      Damage    Failure   Level
 Slow                     Hex            100%       N/A       1%          1
 Confusing Touch          Hex            41%        N/A       1%          3
 Ensorcelled Hibernation  Hex/Ice        48%        N/A       2%          2
 Lesser Beckoning         Tloc           29%        N/A       3%          3
 Vampiric Draining        Necr           29%        2d8       3%          3
 Magic Dart               Conj           32%        1d4       9%          1
 Mephitic Cloud           Conj/Pois/Air  23%        N/A       12%         3
 Spider Form              Tmut/Pois      8%         N/A       24%         3
 Manifold Assault         Tloc           29%        N/A       28%         5
 Yara's Violent Unravell  Hex/Tmut       12%        3d7       41%         5
 Enfeeble                 Hex            20%        N/A       95%         7


Dungeon Overview and Level Annotations

Branches:
Dungeon (11/15)            Temple (1/1) D:6            Lair (2/5) D:10
 Spider (0/4) Lair:2          Orc (0/2) D:10
  Swamp: Lair:2-3    Shoals: Lair:2-3

Altars:
Ashenzari
Cheibriados
Dithmenos
Elyvilon
Fedhas
Gozag
Hepliaklqana
Kikubaaqudgha
Makhleb
Nemelex Xobeh
Okawaru
Qazlal
Ru
Sif Muna
Trog
Uskayaw
Vehumet
Wu Jian
Xom
Yredelemnul
Zin
The Shining One

Shops:
D:4 (   D:7 =   D:8 (   D:9 [[[[

Annotations:
Lair:2 1 transporter


Innate Abilities, Weirdness & Mutations

You have sharp claws.
You have razor-sharp teeth.
You have supernaturally acute eyesight. (SInv)
You cover ground quickly. (Speed+)
You are covered in thick fur. (AC +2)
Your paws help you pounce on unaware monsters.
You are incapable of wielding weapons or throwing items.
You cannot wear armour.
You gain extra lives every three experience levels.


Message History

* * * LOW HITPOINT WARNING * * *
The dire elephant simulacrum tramples your lightning spire!
The dire elephant simulacrum trunk-slaps your lightning spire but does no damage.
The dire elephant simulacrum tramples you!
You die...
You are shoved backwards!
You are now level 10!
You rejoin the land of the living...
Unknown command.
The dire elephant simulacrum tramples your wolf.
Your wolf holds its ground!
The dire elephant simulacrum closely misses your wolf.
There is a transporter here.
Your wolf is engulfed in freezing vapours. x2
Your wolf dies!
Your wolf's corpse disappears in a puff of smoke!
You enter the transporter and appear at another place.
Casting: Summon Lightning Spire (dangerous; 4% risk of failure)
Confirm with . or Enter, or press ? or * to list all spells.
You feel a surge of power!
An electric hum fills the air.
The dire elephant simulacrum closely misses you.
The dire elephant simulacrum completely misses you.
The dire elephant simulacrum tramples you!
You are shoved backwards!
You see here 8 gold pieces.
You now have 995 gold pieces (gained 8).
Your lightning spire is engulfed in freezing vapours.
You scratch the dire elephant simulacrum but do no damage.
The dire elephant simulacrum is almost destroyed.
Your lightning spire is engulfed in freezing vapours.
The dire elephant simulacrum tramples you!!
Ouch! That really hurt!
* * * LOW HITPOINT WARNING * * *
You are shoved backwards!
Casting: Summon Lightning Spire (dangerous; 4% risk of failure)
Confirm with . or Enter, or press ? or * to list all spells.
A beastly little devil appears in a puff of frigid air.
The dire elephant simulacrum tramples you!
You die...
Your body crumbles into a pile of gold.

...........~~~~.©..P#.....#....#.
#..........###########...........
..........##°○○)©$°°○#........#..
..........##°°°[)(°°○#.....#.....
..........##°.○☼°☼°°°#....#####..
#..........#☼°°☼°°○°.#....###.#..
#..........#.☼°°○°°☼○#...........
...........####°°○####.....#P##..
#.........#.#°°.@5☼.#......###P..
##..###PP####☼°#Z#☼☼##P.##..#####
#### ####..#°..Z...###.##.####
#...#°°#©#°○#.###..##.#
##..#☼☼°°°☼○#.........#
#P..#☼8°○○.°#.........###
##..#########............
#......©................
#.P......#.....)........


You could see 2 dire elephant simulacra, a friendly lightning spire (summoned)
and a friendly white imp (summoned).

Vanquished Creatures
  A sky beast (D:7)
  A wight (D:10)
  A killer bee (D:9)
  A howler monkey (D:9)
  An orc wizard (D:5)
  An ufetubus (D:4)
  A dart slug (D:2)
  3 orcs
  6 bats
  2 hobgoblins
  2 kobolds
  A quokka (D:2)
  2 training dummies (D:4)
  A goblin (D:2)
24 creatures vanquished.

Vanquished Creatures (collateral kills)
  A hydra (Lair:2)
  Nergalle (Lair:2)
  Joseph (D:10)
  A torpor snail (Lair:2)
  A komodo dragon (Lair:1)
  A polar bear (Lair:1)
  A wolf spider simulacrum (Lair:2)
  3 blink frogs (Lair:1)
  Sigmund (D:6)
  2 wyverns (Lair:2)
  6 yaks
  A wraith (D:10)
  A basilisk (Lair:2)
  3 water moccasins
  Duvessa (D:5)
  An ice beast (D:7)
  A sky beast (D:7)
  3 centaurs
  A phantom (D:6)
  A kobold brigand (D:7)
  8 bullfrogs
  A gnoll sergeant (D:10)
  6 scorpions
  2 necrophages
  7 wights
  2 killer bees (D:9)
  2 howler monkeys
  A nameless horror (D:10)
  A hound (D:6)
  2 orc priests
  2 jellies
  4 iguanas
  3 orc wizards
  A wolf simulacrum (Lair:2)
  A bullfrog simulacrum (Lair:2)
  6 gnolls
  4 adders
  A shadow imp (D:6)
  A white imp (D:6)
  3 worms
  2 dart slugs
  31 orcs
  9 ball pythons
  3 bats
  An endoplasm (D:4)
  2 giant cockroaches
  5 hobgoblins
  3 jackals (D:1)
  A quokka (D:1)
  A training dummy (D:4)
  3 frilled lizards (D:1)
  6 goblins
  10 kobolds
  A rat (D:3)
168 creatures vanquished.

Vanquished Creatures (others)
  A cane toad (Lair:2)
  A gargoyle (D:10)
  A hornet (D:9)
  A wraith (D:10)
  14 yaks
  A steam dragon (D:8)
  Edmund (D:6)
  A water moccasin (Lair:1)
  An acid dragon (D:9)
  3 orc warriors
  2 ice beasts
  3 centaurs
  A bullfrog (Lair:1)
  A scorpion (D:6)
  10 wights
  Dowan (D:5)
  3 killer bees (D:9)
  A howler monkey (D:9)
  A jelly (D:6)
  Terence (D:3)
  3 orc wizards
  An orc (D:10)
  A fungus (Lair:2)
  A plant (Lair:2)
55 creatures vanquished.

Grand Total: 247 creatures vanquished

Notes
Turn   | Place    | Note
-------+----------+-------------------------------------------
     0 | D:1      | NatashaGaming the Felid Summoner began the quest for the
                  | Orb.
     0 | D:1      | Reached XP level 1. HP: 7/7 MP: 4/4
   199 | D:1      | Reached XP level 2. HP: 11/11 MP: 3/6
   873 | D:1      | Learned a level 2 spell: Call Imp
  1120 | D:1      | Found a faded altar of an unknown god.
  1203 | D:1      | Reached XP level 3. HP: 10/14 MP: 8/8
  1806 | D:1      | Learned a level 3 spell: Call Canine Familiar
  2735 | D:2      | Identified the +3 leather armour of Kecvoib {+Inv Str+3
                  | Slay-3}
  3046 | D:3      | Reached XP level 4. HP: 18/18 MP: 4/9
  3453 | D:2      | Learned a level 3 spell: Summon Guardian Golem
  4557 | D:3      | Reached skill level 1 in Hexes
  4557 | D:3      | Reached skill level 5 in Summonings
  4714 | D:3      | Reached skill level 3 in Dodging
  4833 | D:3      | Reached XP level 5. HP: 21/21 MP: 0/11
  4937 | D:3      | Found a glowing silver altar of Zin.
  5019 | D:3      | Found an iron altar of Okawaru.
  5671 | D:3      | Noticed Terence
  5706 | D:3      | Killed Terence
  5707 | D:3      | Reached skill level 1 in Fighting
  5843 | D:3      | Found a blossoming altar of Fedhas.
  6950 | D:4      | Gained mutation: You are covered in thick fur. (AC +2)
                  | [Felid growth]
  6950 | D:4      | Reached XP level 6. HP: 25/25 MP: 6/12
  7346 | D:4      | Found Urut's Firing Range.
  7917 | D:5      | Entered Level 5 of the Dungeon
  7965 | D:5      | Reached skill level 4 in Dodging
  8028 | D:5      | Noticed a yak
  8028 | D:5      | Noticed a yak
  8030 | D:5      | Noticed a yak
  8424 | D:5      | Killed a yak
  8424 | D:5      | Killed a yak
  8425 | D:5      | Reached XP level 7. HP: 30/30 MP: 11/14
  8427 | D:5      | Killed a yak
  8428 | D:5      | Reached skill level 5 in Dodging
  8494 | D:5      | Learned a level 2 spell: Blink
  8826 | D:5      | Found a burning altar of Makhleb.
  8826 | D:5      | Noticed an Executioner
  8829 | D:5      | Noticed an orange demon
  8829 | D:5      | Noticed a neqoxec
  9095 | D:6      | Noticed Dowan
  9096 | D:6      | Noticed Duvessa
  9180 | D:5      | Reached skill level 1 in Translocations
  9894 | D:5      | Killed Duvessa
  9895 | D:5      | Reached skill level 5 in Hexes
  9895 | D:5      | Reached XP level 8. HP: 32/34 MP: 7/16
  9975 | D:5      | Killed Dowan
 10036 | D:6      | Noticed Edmund
 10063 | D:6      | Killed Edmund
 10257 | D:6      | Reached skill level 6 in Dodging
 10291 | D:6      | Reached skill level 5 in Spellcasting
 11208 | D:6      | Noticed Sigmund
 11734 | D:6      | Found a staircase to the Ecumenical Temple.
 11742 | Temple   | Entered the Ecumenical Temple
 11872 | Temple   | Became a worshipper of Gozag Ym Sagoz the Greedy
 11947 | D:6      | Found a shadowy altar of Dithmenos.
 12230 | D:6      | Found a sparkling altar of Nemelex Xobeh.
 12524 | D:6      | Killed Sigmund
 12525 | D:6      | Reached XP level 9. HP: 29/39 MP: 12/18
 12711 | D:7      | Found a glowing golden altar of the Shining One.
 12829 | D:7      | Found Joticyed's Jewellery Shoppe.
 12883 | D:7      | Reached skill level 7 in Dodging
 13004 | D:7      | Found a faded altar of an unknown god.
 13004 | D:7      | Found a hazy altar of Hepliaklqana.
 13020 | D:7      | Reached skill level 5 in Translocations
 13030 | D:7      | Learned a level 4 spell: Summon Lightning Spire
 13035 | D:7      | Learned a level 4 spell: Anguish
 13044 | D:7      | Found a faded altar of an unknown god.
 13852 | D:7      | Reached skill level 5 in Fighting
 13852 | D:7      | Reached skill level 1 in Necromancy
 13852 | D:7      | Reached skill level 1 in Air Magic
 14757 | D:8      | Found Ykliedghuop's Weapon Emporium.
 15163 | D:8      | Reached skill level 8 in Dodging
 15983 | D:9      | You fall into a shaft and drop 2 floors!
 16019 | D:10     | Entered Level 10 of the Dungeon
 16019 | D:10     | Found a staircase to the Lair.
 16454 | D:9      | Reached XP level 10. HP: 45/45 MP: 18/20
 16674 | D:9      | Found Xaptomur's Armour Shop.
 16782 | D:9      | Found Qeseif's Armour Emporium.
 16798 | D:9      | Found Jeozoqos's Antique Armour Shoppe.
 17478 | D:9      | Found Berghazocih's Armour Emporium.
 17879 | D:7      | Bought the amulet of the Air {Inacc Air Fly rElec RMsl} for
                  | 564 gold pieces
 17879 | D:7      | Found the amulet of the Air {Inacc Air Fly rElec RMsl}
 17879 | D:7      | Bought a ring of magical power for 300 gold pieces
 17968 | D:10     | Found a staircase to the Orcish Mines.
 17981 | D:10     | Found an ornate altar of the Wu Jian Council.
 17981 | D:10     | Found a shimmering blue altar of Sif Muna.
 17993 | D:10     | Found a faded altar of an unknown god.
 17995 | D:10     | Found a faded altar of an unknown god.
 17997 | D:10     | Found an ancient bone altar of Kikubaaqudgha.
 18371 | D:10     | Noticed Joseph
 18420 | D:10     | Killed Joseph
 18926 | D:10     | Reached skill level 9 in Dodging
 19237 | D:10     | Noticed a gargoyle
 19250 | D:10     | Killed a gargoyle
 21156 | Lair:1   | Entered Level 1 of the Lair of Beasts
 21174 | Lair:1   | Reached XP level 11. HP: 49/49 MP: 22/22
 22721 | Lair:1   | Reached skill level 5 in Necromancy
 23042 | Lair:2   | Reached skill level 10 in Dodging
 23221 | Lair:2   | Killed by an exploding themself... ignited by their inner
                  | flame
 23222 | Lair:2   | Reached XP level 10. HP: -14/47 MP: 23/31
 23422 | Lair:2   | Noticed a four-headed hydra
 23430 | Lair:2   | Killed a four-headed hydra
 23440 | Lair:2   | Noticed Nergalle
 23454 | Lair:2   | Killed Nergalle
 23455 | Lair:2   | Reached skill level 5 in Air Magic
 23537 | Lair:2   | Noticed a torpor snail
 23563 | Lair:2   | Killed a torpor snail
 23582 | Lair:2   | Found a hole to the Spider Nest.
 23705 | Lair:2   | Found a transporter.
 23873 | Lair:2   | Found a transporter.
 24311 | Lair:2   | Reached XP level 11. HP: 51/51 MP: 19/23
 24325 | Lair:2   | Slain by a dire elephant simulacrum
 24326 | Lair:2   | Reached XP level 10. HP: 0/48 MP: 13/31
 24340 | Lair:2   | Mangled by a dire elephant simulacrum

Illustrated notes

Levels and vault maps discovered:
D:1:      psy_arrival_basics, layout_loops_ring,
          hellmonk_ecumenical_altar_leap_of_faith,
          chequers_serial_rivers_micro_e
D:2:      layout_basic, kennysheep_big_empty_room
D:3:      layout_basic, kennysheep_okawaru_gauntlet,
          mainiacjoe_overflow_surrounded_room, fedhas_altar_4, uniq_terence
D:4:      layout_layer_cave, nicolae_shop_firing_range
D:5:      layout_basic, makhleb_altar_promises_db, minmay_misc_feat_nine_boxes
D:6:      layout_loops_cross, lemuel_crystal_altar, lemuel_doored_altar,
          temple_doors_e, eino_curves_01, dreamdust_wishing_well, uniq_duvessa,
          uniq_edmund, uniq_sigmund
D:7:      layout_rooms, lemuel_tele_altar,
          nicolae_hepliaklqana_ecumenical_no_more, serial_shops, shop
D:8:      layout_rooms, serial_shops, nicolae_shop_statue_plus
D:9:      layout_loops_corners, serial_shops, nicolae_shop_hallway_plus,
          nicolae_shop_crystal, nicolae_diamond_shop, nicolae_shop_behind_doors
D:10:     layout_stronghold, chequers_temple_overflow_minitemple,
          lair_entry_dummy, orc_0_dummy, uniq_joseph
D:11:     layout_basic, amethyst_killhole
Temple:   bh_familiar_temple
Lair:1:   layout_hall_layers
Lair:2:   gammafunk_cloud_chamber, layout_gridlike,
          nicolae_spider_entry_non_spiders, grunt_megastairs_3, uniq_nergalle

Skill      XL: |  1  2  3  4  5  6  7  8  9 10 11 |
---------------+----------------------------------+-----
Spellcasting   | 3 4 5 6 7 |  7.7
Hexes          | 1 2 4 5 6 8 |  8.0
Summonings     | 5 6 7 9 |  9.2
Dodging        | 3 4 5 6 8 9 10 | 10.5
Fighting       | 1 2 3 4 5 6 7 |  7.6
Translocations | 2 4 5 |  5.0
Necromancy     | 2 4 5 |  5.0
Air Magic      | 2 5 |  5.2
Stealth        | |  2.6

Action                   |  1- 3 |  4- 6 |  7- 9 | 10-12 || total
-------------------------+-------+-------+-------+-------++-------
Melee: Unarmed           |    23 |    25 |    46 |    35 ||   129
       Bite              |     5 |     2 |     4 |     2 ||    13
       Punch             |     1 |       |     1 |       ||     2
 Cast: Summon Small Mamm |    76 |    47 |    81 |    70 ||   274
       Call Imp          |    11 |    29 |    44 |    36 ||   120
       Call Canine Famil |       |    11 |    44 |    40 ||    95
       Summon Guardian G |       |     4 |    36 |    49 ||    89
       Summon Lightning  |       |       |     1 |    23 ||    24
       Anguish           |       |       |     1 |     1 ||     2
  Use: Scroll            |       |     7 |     1 |    10 ||    18
       Potion            |       |       |       |     2 ||     2
 Stab: Sleeping          |     4 |     2 |     1 |     2 ||     9
       Distracted        |       |       |     2 |     1 ||     3
       Betrayed ally     |       |       |       |     1 ||     1
Armor: Skin              |     2 |     3 |       |     6 ||    11
Dodge: Dodged            |    21 |    62 |   108 |   108 ||   299

Table legend: (Time is in decaauts)
 A = Elapsed time spent in this place.
 B = Non-inter-level travel time spent in this place.
 C = Inter-level travel time spent in this place.
 D = Time resting spent in this place.
 E = Time spent auto-exploring this place.
 F = Levels seen in this place.
 G = Mean time per level.
                   A        B        C        D        E       F      G
               +--------+--------+--------+--------+--------+-----+--------+
         Total |  21863 |  20730 |   1133 |   7446 |   4354 |  14 | 1561.6 |
       Dungeon |  18881 |  17748 |   1133 |   6485 |   3587 |  11 | 1716.5 |
        Temple |    127 |    127 |      0 |      0 |     87 |   1 |  127.0 |
          Lair |   2855 |   2855 |      0 |    961 |    680 |   2 | 1427.5 |
               +--------+--------+--------+--------+--------+-----+--------+

Top non-repeatable levels by time:
     D:3: 2944 daAuts
    D:10: 2888 daAuts
     D:6: 2091 daAuts
  Lair:1: 1968 daAuts
     D:5: 1935 daAuts
     D:9: 1763 daAuts
     D:4: 1645 daAuts
     D:7: 1523 daAuts
     D:2: 1483 daAuts
     D:1: 1381 daAuts
     D:8: 1136 daAuts
  Lair:2: 887 daAuts
  Temple: 127 daAuts
    D:11: 87 daAuts
